 Dungeon Crawl Stone Soup version 0.17.1-3-g152610e (webtiles) character file.

74 Heskey the Skirmisher (level 4, 0/50 HPs)
             Began as an Ogre Fighter on Mar 22, 2016.
             Slain by an ice beast (14 damage)
             ... on level 3 of the Dungeon.
             The game lasted 00:01:55 (1429 turns).

Heskey the Skirmisher (Ogre Fighter)                Turns: 1429, Time: 00:01:56

Health: 0/50       AC:  4    Str: 22    XL:     4   Next: 28%
Magic:  4/4        EV:  8    Int:  7    God:
Gold:   153        SH:  8    Dex:  9    Spells: 0 memorised, 3 levels left

rFire  . . .     SeeInvis .     a - +0 flail
rCold  . . .     Clarity  .     b - +0 robe
rNeg   . . .     SustAt   .     c - +0 shield
rPois  .         Gourm    .     (helmet restricted)
rElec  .         Spirit   .     i - +0 cloak
rCorr  .         Warding  .     (gloves unavailable)
rMut   .         Stasis   .     (boots unavailable)
MR     .....                    (no amulet)
Stlth  +.........               (no ring)
                                (no ring)

@: not resistant to hostile enchantments, very unstealthy
A: unfitting armour, tough skin 1
a: no special abilities


You were on level 3 of the Dungeon.
You were not hungry.

You visited 1 branch of the dungeon, and saw 3 of its levels.

You collected 153 gold pieces.

Inventory:

Hand Weapons
 a - a +0 flail (weapon)
Armour
 b - a +0 robe (worn)
 c - a +0 shield (worn)
 i - a +0 cloak (worn)
Jewellery
 r - an uncursed ring of ice {unknown}
 v - an uncursed ring of stealth {unknown}
Wands
 t - a wand of teleportation (3)
Scrolls
 f - 2 scrolls of immolation {unknown}
 g - 3 scrolls of identify {unknown}
 l - a scroll of fog {unknown}
 m - a scroll of enchant weapon {unknown}
 q - a scroll of teleportation {unknown}
 u - a scroll of magic mapping {unknown}
 w - a scroll of remove curse {unknown}
Potions
 d - a potion of might
 h - 2 potions of heal wounds {unknown}
 j - a potion of resistance {unknown}
 n - a potion of degeneration {unknown}
 o - a potion of curing {unknown}
 p - a potion of poison {unknown}
 s - a potion of cancellation {unknown}
Comestibles
 e - 3 bread rations
 k - 2 meat rations


   Skills:
 * Level 5.4 Fighting
 * Level 3.9 Maces & Flails
 + Level 3.1 Dodging
 - Level 2.6 Shields


You had 3 spell levels left.
You didn't know any spells.

Dungeon Overview and Level Annotations

Branches:
Dungeon (3/15)

Altars:
Makhleb


Innate Abilities, Weirdness & Mutations

You are too large for most types of armour.
You have tough skin (AC +1).


Message History

The ice beast hits you but does no damage.
You completely miss the ice beast. You block the ice beast's attack.
You block the ice beast's attack.
You hit the ice beast but do no damage. The ice beast hits you.
The ice beast freezes you!
You barely miss the ice beast. The ice beast barely misses you.
You hit the ice beast.
The ice beast is lightly wounded.
You block the ice beast's attack.
You closely miss the ice beast.
The ice beast is lightly wounded.
The ice beast hits you. The ice beast freezes you! The ice beast hits you.
The ice beast freezes you!
* * * LOW HITPOINT WARNING * * *
Your shield prevents you from hitting the ice beast.
The ice beast is lightly wounded.
The ice beast hits you.
* * * LOW HITPOINT WARNING * * *
The ice beast freezes you!
You die...

#..........#####
#..........#
#..........#
#..........#
#..........+
#..........#
#####.....##
#.....# #.@...#
#.Y...# #.#...(#
#)#....#
#.#....#
#>#...... #+
#####.. ..


You could see an ice beast.

Vanquished Creatures
  2 adders (D:2)
  A worm (D:2)
  A ball python (D:2)
  4 giant cockroaches (D:2)
  7 goblins
  11 hobgoblins
  6 bats
  5 giant geckos
  2 giant newts
  4 kobolds
  9 rats
52 creatures vanquished.

Notes
Turn   | Place    | Note
--------------------------------------------------------------
     0 | D:1      | Heskey the Ogre Fighter began the quest for the Orb.
     0 | D:1      | Reached XP level 1. HP: 24/24 MP: 1/1
   264 | D:1      | Reached XP level 2. HP: 31/33 MP: 2/2
   830 | D:2      | Reached XP level 3. HP: 41/41 MP: 3/3
   831 | D:2      | Reached skill level 5 in Fighting
  1078 | D:2      | Found a burning altar of Makhleb.
  1078 | D:2      | Noticed a blizzard demon
  1196 | D:2      | Reached XP level 4. HP: 40/50 MP: 4/4
  1419 | D:3      | Noticed an ice beast
  1429 | D:3      | Slain by an ice beast

Action                   |  1- 3 |  4- 6 || total
-------------------------+-------+-------++-------
Melee: Flail             |    89 |    46 ||   135
 Stab: Sleeping          |     2 |       ||     2
  Eat: Chunk             |       |     2 ||     2
